 Dungeon Crawl Stone Soup version 0.29.1-1-gd02db6906a (webtiles) character file.

Game seed: 12922437815738564549

63 ben10mad the Trooper (level 4, -2/41 HPs)
             Began as a Hill Orc Fighter on Oct 10, 2022.
             Succumbed to Jessica's poison
             ... on level 2 of the Dungeon.
             The game lasted 00:05:07 (1176 turns).

ben10mad the Trooper (Hill Orc Fighter)             Turns: 1176, Time: 00:05:08

Health: -2/41      AC: 14    Str: 20    XL:     4   Next: 9%
Magic:  4/4        EV:  7    Int:  8    God:
Gold:   79         SH:  4    Dex: 10    Spells: 3/3 levels left

rFire   . . .      SeeInvis .   j - +0 broad axe (vamp)
rCold   . . .      Faith    .   c - +0 buckler
rNeg    . . .      Spirit   .   e - +1 chain mail
rPois   .          Reflect  .   (no helmet)
rElec   .          Harm     .   (no cloak)
rCorr   .          Rampage  .   (no gloves)
Will    .....                   (no boots)
Stlth   ..........              (no amulet)
HPRegen 0.13/turn               g - +4 ring of protection
MPRegen 0.09/turn               (no ring)

@: mighty, lethally poisoned (-2 -> -17)
A: no striking features
a: no special abilities


You were on level 2 of the Dungeon.
You visited 1 branch of the dungeon, and saw 2 of its levels.

You collected 79 gold pieces.

Inventory:

Hand Weapons
 j - a +0 vampiric broad axe (weapon)
Armour
 c - a +0 buckler (worn)
 e - a +1 chain mail (worn)
 f - an orb of energy
Jewellery
 g - a +4 ring of protection (left hand)
Scrolls
 h - 2 scrolls of identify
Potions
 b - a potion of magic
 i - 4 potions of degeneration


   Skills:
 + Level 4.3 Fighting
 + Level 4.0 Axes
 + Level 3.7 Armour
 + Level 0.1 Dodging
 + Level 3.6 Shields


You had 3 spell levels left.
You didn't know any spells.
Your spell library was empty.

Dungeon Overview and Level Annotations

Branches:
Dungeon (2/15)

Altars:


Message History

Jessica is heavily wounded.
Jessica hits you but does no damage.
You are poisoned.
Jessica gestures wildly while chanting.
Jessica seems to speed up.
You closely miss Jessica.
Jessica is moderately wounded.
You feel sick. Jessica barely misses you. You block Jessica's attack.
You hit Jessica.
You feel better.
Jessica is severely wounded.
You feel sick. Jessica hits you but does no damage.
Jessica hits you with a +3 dagger of venom.
You hit Jessica.
Jessica is almost dead.
You feel sick.
Jessica points at you and mumbles some strange words.
Pain shoots through your body! Jessica gestures at you while chanting.
Pain shoots through your body! Jessica closely misses you.
You feel very mighty all of a sudden.
You feel sick. Jessica hits you but does no damage.
You are more poisoned.
You are too injured to fight recklessly!
You are too injured to fight recklessly!
You are too injured to fight recklessly!
You barely miss Jessica.
Jessica is almost dead.
You feel very sick. Jessica hits you but does no damage.
You are lethally poisoned!
Jessica hits you but does no damage.
You are more poisoned.
You completely miss Jessica.
Jessica is almost dead.
* * * LOW HITPOINT WARNING * * *
You feel extremely sick. Jessica hits you but does no damage. x2
You slash Jessica!
You kill Jessica!
You die...

*,** *,,*#................ *,*
****,*##[............... *,*
*,,,,*#............###.. *,*
****,*****.#..........# #.# *,*
*,,,,* **,.#.........## #.#
*,***,******,,#..#...^..#####.#
*,*,,,* **,,##.##.########...#
***,,,***
#*,,*#..#..##.......### *,,,,**
#..###@...###.####### *,,,,*
#...)).#####..#
*,,,,*****#..#.### #.##
*,,,,*,,...,...* #.#
*,,,,,,,.,..###* ##.# ####
*,,,,**,..#** #..# ##...
*,,,,**,#** ##.#######...#
*,,,,**,* ***#..........#.#
*,,,,*,,* **#......<......#(#


There were no monsters in sight!

Vanquished Creatures
  Jessica (D:2)
  2 dart slugs
  9 bats
  11 endoplasms
  5 giant cockroaches
  7 goblins
  4 hobgoblins
  A quokka (D:1)
  2 ball pythons
  2 frilled lizards
  2 kobolds (D:1)
  6 rats
52 creatures vanquished.

Notes
Turn   | Place    | Note
-------+----------+-------------------------------------------
     0 | D:1      | ben10mad the Hill Orc Fighter began the quest for the Orb.
     0 | D:1      | Reached XP level 1. HP: 19/19 MP: 1/1
   166 | D:1      | Reached XP level 2. HP: 27/27 MP: 2/2
   357 | D:1      | Reached XP level 3. HP: 33/33 MP: 3/3
   748 | D:1      | You fall into a shaft and drop 1 floor!
   893 | D:2      | Identified a scroll of acquirement
   893 | D:2      | Acquired a +0 vampiric broad axe
  1001 | D:2      | Reached XP level 4. HP: 41/41 MP: 4/4
  1150 | D:2      | Noticed Jessica
  1176 | D:2      | Killed Jessica
  1176 | D:2      | Succumbed to Jessica's poison

Illustrated notes

Levels and vault maps discovered:
D:1:      minmay_arrival_doors, layout_rooms, grunt_decor_junction
D:2:      layout_rooms, minmay_quadrilaterals, uniq_jessica

Skill      XL: |  1  2  3 |
---------------+----------+-----
Fighting       | 4 |  4.3
Axes           | 3 4 |  4.0
Armour         | |  3.7
Dodging        | |  0.1
Shields        | |  3.6

Action                   |  1- 3 |  4- 6 || total
-------------------------+-------+-------++-------
Melee: War axe           |    84 |       ||    84
       Broad axe         |    16 |    19 ||    35
  Use: Scroll            |     6 |       ||     6
       Potion            |       |     1 ||     1
Armor: Chain mail        |    52 |    16 ||    68
       Scale mail        |     5 |       ||     5
Dodge: Dodged            |    47 |     6 ||    53
Block: Buckler           |    22 |     3 ||    25
